 Dungeon Crawl Stone Soup version 0.28.0-43-g3370ac3207 (webtiles) character file.

Game seed: 14182912468958086971

144 Cykl0x the Digger (level 5, -4/28 HPs)
             Began as a Gargoyle Earth Elementalist on Mar 25, 2022.
             Slain by an orc warrior
             ... wielding a +0 short sword
              (14 damage)
             ... on level 3 of the Dungeon.
             The game lasted 00:05:30 (3551 turns).

Cykl0x the Digger (Gargoyle Earth Elementalist)     Turns: 3551, Time: 00:05:31

Health: -4/28      AC:  6    Str: 12    XL:     5   Next: 27%
Magic:  7/18       EV: 12    Int: 17    God:
Gold:   100        SH:  0    Dex: 10    Spells: 6/10 levels left

rFire   . . .      SeeInvis .   j - +0 mace
rCold   + . .      Faith    .   (no shield)
rNeg    + . .      Spirit   .   b - +0 robe
rPois   ∞          Reflect  .   (no helmet)
rElec   +          Harm     .   (no cloak)
rCorr   .          Rampage  .   (no gloves)
Will    .....                   (no boots)
Stlth   ++........              (no amulet)
HPRegen 0.09/turn               g - ring of protection from cold
MPRegen 0.16/turn               i - ring of magical power

@: no status effects
A: sickness immunity, AC +4, negative energy resistance 1, electricity
resistance, torment resistance 1, petrification resistance
a: no special abilities


You were on level 3 of the Dungeon.
You visited 1 branch of the dungeon, and saw 3 of its levels.

You collected 100 gold pieces.

Inventory:

Hand Weapons
 j - a +0 mace (weapon)
Missiles
 c - 104 stones
Armour
 b - a +0 robe (worn)
 d - a +0 leather armour
 p - a +0 ring mail
Jewellery
 a - a ring of positive energy
 g - a ring of protection from cold (left hand)
 i - a ring of magical power (right hand)
Wands
 l - a wand of charming (4)
Scrolls
 h - 2 scrolls of fear
 m - a scroll of vulnerability {unknown}
 q - 2 scrolls of identify
Potions
 e - a potion of degeneration {unknown}
 f - 3 potions of resistance
 n - a potion of lignification {unknown}
 r - a potion of attraction {unknown}


   Skills:
 + Level 1.6 Dodging
 - Level 2.1 Stealth
 + Level 0.8 Unarmed Combat
 + Level 3.1 Spellcasting
 * Level 2.1 Conjurations
 - Level 0.7 Transmutations
 + Level 5.3 Earth Magic


You had 6 spell levels left.
You knew the following spells:

 Your Spells              Type           Power      Damage    Failure   Level
a - Sandblast             Erth           40%        2d10      1%          1
b - Stone Arrow           Conj/Erth      30%        3d8       11%         3

Your spell library contained the following spells:

 Spells                   Type           Power      Damage    Failure   Level
 Passwall                 Tmut/Erth      10%        N/A       8%          2
 Petrify                  Tmut/Erth      12%        N/A       45%         4


Dungeon Overview and Level Annotations

Branches:
Dungeon (3/15)

Altars:
Cheibriados


Innate Abilities, Weirdness & Mutations

You are immune to sickness and miasma.
Your stone body is resilient. (AC +4)
You are immune to poison.
You resist negative energy. (rN+)
You are resistant to electric shocks. (rElec)
You are resistant to unholy torment.
You are immune to petrification.


Message History

The stone arrow misses the orc warrior.
The orc warrior hits you but does no damage.
Unknown command.
Casting: Stone Arrow (quite dangerous; 11% risk of failure)
Confirm with . or Enter, or press ? or * to list all spells.
The spell is quite dangerous to miscast (11% risk of failure)!
Continue anyway?
Aiming: Stone Arrow (quite dangerous; 11% risk of failure)
Press: ? - help, Shift-Dir - straight line, f/p - orc warrior
Aim: an orc warrior, wielding a +0 short sword and wearing a +0 plate armour (68% to hit)
The stone arrow hits the orc warrior.
The orc warrior is lightly wounded.
The orc warrior hits you with a +0 short sword!
Casting: Stone Arrow (quite dangerous; 11% risk of failure)
Confirm with . or Enter, or press ? or * to list all spells.
You don't know that spell.
Unknown command.
Casting: Stone Arrow (quite dangerous; 11% risk of failure)
Confirm with . or Enter, or press ? or * to list all spells.
The spell is quite dangerous to miscast (11% risk of failure)!
Continue anyway?
Aiming: Stone Arrow (quite dangerous; 11% risk of failure)
Press: ? - help, Shift-Dir - straight line, f/p - orc warrior
Aim: an orc warrior, wielding a +0 short sword and wearing a +0 plate armour (lightly wounded, 68% to hit)
You miscast Stone Arrow.
You are very lightly contaminated with residual magic.
A wave of violent energy washes through your body!
The orc warrior hits you with a +0 short sword!
* * * LOW HITPOINT WARNING * * *
It was a potion of curing.
You feel better. The orc warrior barely misses you.
Your magical contamination has completely faded away.
Found a stone staircase leading up.
A bat comes into view.
Found 19 sling bullets.
A hobgoblin comes into view.
A rat comes into view.
There is a stone staircase leading up here.
The hobgoblin shouts!
The bat closely misses you. x2
The orc warrior hits you with a +0 short sword!
Ouch! That really hurt!
You die...

***+***** #..†.... *,*
#.###### *,######*
#.#,.... *,#.....*
#.#,.... **++.....*
#.#,,,,, *,.......####
#.######
*,....(.....#######..'.†..
*,...................#....
*,..g....@og#######..#####
*,...#......# ##..#...
*,,,,#.b....# ##.##)#
*,,,,#r###### #..#'#
*****#.* ##.... #,* #####
***


You could see an orc warrior, 2 hobgoblins, a bat and a rat.

Vanquished Creatures
  An orc wizard (D:3)
  6 adders
  3 orcs (D:3)
  9 bats
  5 endoplasms
  5 goblins
  3 hobgoblins
  3 jackals (D:2)
  4 quokkas
  5 ball pythons
  3 frilled lizards
  7 kobolds
  11 rats
65 creatures vanquished.

Vanquished Creatures (others)
  4 plants (D:1)
  7 toadstools (D:1)
11 creatures vanquished.

Grand Total: 76 creatures vanquished

Notes
Turn   | Place    | Note
-------+----------+-------------------------------------------
     0 | D:1      | Cykl0x the Gargoyle Earth Elementalist began the quest for
                  | the Orb.
     0 | D:1      | Reached XP level 1. HP: 10/10 MP: 3/3
   228 | D:1      | Reached XP level 2. HP: 15/15 MP: 1/5
   312 | D:1      | Reached skill level 4 in Earth Magic
  1300 | D:2      | Found a faded altar of an unknown god.
  1398 | D:2      | Reached XP level 3. HP: 19/19 MP: 6/6
  1402 | D:2      | Learned a level 3 spell: Stone Arrow
  1719 | D:2      | Found a snail-covered altar of Cheibriados.
  1958 | D:2      | Reached XP level 4. HP: 24/24 MP: 8/8
  2658 | D:3      | Reached skill level 1 in Conjurations
  3114 | D:3      | Reached skill level 5 in Earth Magic
  3150 | D:3      | Reached XP level 5. HP: 20/28 MP: 4/9
  3516 | D:3      | Noticed an orc warrior
  3525 | D:3      | HP: 1/28 [orc warrior/+0 short sword (12)]
  3551 | D:3      | Slain by an orc warrior

Illustrated notes

Levels and vault maps discovered:
D:1:      nagdon_arrival_double_spiral, layout_basic, chequers_big_river
D:2:      layout_basic, chequers_ecumenical_altar_island, basic_altar,
          chequers_serial_rivers_small_b
D:3:      layout_basic, corexii_shack, minmay_divided_ellipse

Skill      XL: |  1  2  3  4  5 |
---------------+----------------+-----
Earth Magic    | 4 5 |  5.3
Conjurations   | 1 2 |  2.1
Spellcasting   | 3 |  3.1
Dodging        | |  1.6
Stealth        | |  2.1
Unarmed Combat | |  0.8
Transmutations | |  0.7

Action                   |  1- 3 |  4- 6 || total
-------------------------+-------+-------++-------
Melee: Unarmed           |     3 |       ||     3
       Mace              |       |     2 ||     2
 Cast: Sandblast         |    38 |    15 ||    53
       Stone Arrow       |     8 |    30 ||    38
  Use: Scroll            |     2 |     2 ||     4
       Potion            |       |     1 ||     1
Armor: Robe              |     6 |     2 ||     8
Dodge: Dodged            |    10 |     7 ||    17
